 Dungeon Crawl Stone Soup version 0.22.1-2-g9c5b331 (webtiles) character file.

2559 Yawgmoth the Destroyer (level 9, -28/56 HPs)
             Began as an Octopode Wizard on Dec 27, 2018.
             Was a Believer of Vehumet.
             Annihilated by a two-headed ogre
             ... wielding a +0 great mace
              (31 damage)
             ... on level 10 of the Dungeon.
             The game lasted 00:42:08 (8353 turns).

Yawgmoth the Destroyer (Octopode Wizard)            Turns: 8353, Time: 00:42:09

Health: -28/56     AC:  1    Str:  8    XL:     9   Next: 56%
Magic:  2/21       EV: 13    Int: 22    God:    Vehumet [**....]
Gold:   356        SH:  0    Dex: 10    Spells: 19/25 levels left

rFire    . . .     SeeInvis .   D - +3 lajatang (speed)
rCold    . . .     Gourm    +   (shield currently unavailable)
rNeg     . . .     Faith    .   a - +0 hat
rPois    .         Spirit   .   B - amulet of the gourmand {Gourm, !d}
rElec    .         Reflect  .   (no ring)
rCorr    .         Harm     .   (no ring)
MR       .....                  (no ring)
Stlth    +++.......             (no ring)
HPRegen  0.58/turn              (no ring)
MPRegen  0.17/turn              (no ring)
                                (no ring)
                                (no ring)

@: no status effects
A: almost no armour, stealthy swim, amphibious, 8 rings, constrict 8, antennae
1, camouflage 1, regeneration 1, robust 1, gelatinous body 1, MP-powered wands
a: Renounce Religion


You were on level 10 of the Dungeon.
You worshipped Vehumet.
Vehumet was pleased with you.
You were very full.

You visited 2 branches of the dungeon, and saw 9 of its levels.

You collected 356 gold pieces.

Inventory:

Hand Weapons
 y - a +2 dagger of speed
   (You took it off Ijyb on level 3 of the Dungeon)
 D - a +3 lajatang of speed (weapon)
   (You took it off an orc priest on level 6 of the Dungeon)
Missiles
 o - 47 bolts
 p - 2 throwing nets {=f, !d}
 r - 2 javelins of returning (quivered)
Armour
 a - a +0 hat (worn)
Jewellery
 t - a +3 amulet of reflection
   (You found it on level 3 of the Dungeon)
 B - an amulet of the gourmand (around mantle) {Gourm, !d}
   (You found it on level 4 of the Dungeon)
Wands
 z - a wand of flame (48)
   (You took it off Ijyb on level 3 of the Dungeon)
 A - a wand of polymorph (8)
   (You found it on level 3 of the Dungeon)
 C - a wand of disintegration (17)
   (You found it on level 5 of the Dungeon)
 F - a wand of random effects (28)
   (You took it off an orc on level 10 of the Dungeon)
Scrolls
 b - a scroll of blinking {unknown}
 d - 4 scrolls of identify
 e - a scroll of amnesia {unknown}
 g - 3 scrolls of fear {unknown}
 k - a scroll of magic mapping {unknown}
 m - 3 scrolls of enchant armour {unknown}
 v - a scroll of remove curse {unknown}
 w - a scroll of enchant weapon {unknown}
 x - 4 scrolls of fog {unknown}
 H - a scroll of silence {unknown}
Potions
 f - a potion of resistance {unknown}
 h - a potion of haste {unknown}
 i - 3 potions of brilliance
 j - 2 potions of lignification {!q}
 l - 2 potions of heal wounds
 q - 2 potions of magic
 s - 2 potions of agility
 u - a potion of ambrosia
 G - a potion of flight {unknown}
Comestibles
 c - 14 rations


   Skills:
 - Level 2.0 Dodging
 - Level 2.8 Stealth
 + Level 8.8 Spellcasting
 + Level 9.0 Conjurations
   Level 1.0 Summonings
 - Level 1.0 Translocations


You had 19 spell levels left.
You knew the following spells:

 Your Spells              Type           Power        Failure   Level  Hunger
a - Magic Dart            Conj           ####         1%          1    None
b - Blink                 Tloc           N/A          7%          2    None
x - Mephitic Cloud        Conj/Pois/Air  ###.....     6%          3    None

Your spell library contained the following spells:

 Spells                   Type           Power        Failure   Level  Hunger
 Searing Ray              Conj           #####.       1%          2    None
 Conjure Flame            Conj/Fire      ####....     3%          3    None
 Call Imp                 Summ           ##......     7%          2    None
 Slow                     Hex            #.......     11%         2    None


Dungeon Overview and Level Annotations

Branches:
Dungeon (7/15)             Temple (1/1) D:5

Altars:
Cheibriados
Dithmenos
Elyvilon
Fedhas
Gozag
Hepliaklqana
Kikubaaqudgha
Makhleb
Nemelex Xobeh
Okawaru
Qazlal
Ru
Sif Muna
Trog
Vehumet
Wu Jian
Xom
Yredelemnul
Zin
The Shining One


Innate Abilities, Weirdness & Mutations

You cannot wear most types of armour.
You are very stealthy in the water. (Stealth+)
You are amphibious.
You can wear up to eight rings at the same time.
You can use your tentacles to constrict eight enemies at once.
Your skin changes colour to match your surroundings (Stealth+).
Your rubbery body absorbs attacks. (AC +1, EV +1)
You have a pair of small antennae on your head.
Your natural rate of healing is unusually fast.
You are robust. (+10% HP)
You expend magic power (3 MP) to strengthen your wands.


Message History

The stinking cloud engulfs the two-headed ogre.
The two-headed ogre is engulfed in noxious fumes.
The two-headed ogre appears confused.
You now have 1/21 mp.
The crimson imp blinks!
Throwing (i - inventory)
r - 3 javelins of returning (quivered)
Aim: a two-headed ogre, wielding a great mace and a giant club (moderately You throw a javelin of returning.
The javelin of returning hits the two-headed ogre but does no damage.
The javelin of returning fails to return to your pack!
The two-headed ogre seems less confused.
The two-headed ogre hits you with a great mace!!
The two-headed ogre closely misses you.
You take 26 damage, and have 30/56 hp.
MASSIVE DAMAGE!!
The crimson imp blinks!
Okay, then.
The crimson imp blinks!
Aim: a two-headed ogre, wielding a great mace and a giant club (moderately The ball explodes into a vile cloud!
The stinking cloud engulfs the two-headed ogre.
The two-headed ogre is engulfed in noxious fumes.
The two-headed ogre appears confused.
You now have 0/21 mp.
The two-headed ogre is engulfed in noxious fumes.
The crimson imp blinks!
The two-headed ogre is engulfed in noxious fumes.
The two-headed ogre appears confused.
The crimson imp blinks!
The two-headed ogre gestures wildly.
You start resting.
The crimson imp is too close now for your liking.
A crimson imp is nearby!
The crimson imp disappears for a moment.
You closely miss the crimson imp. You grab the crimson imp.
You constrict the crimson imp, but do no damage.
The crimson imp hits you.
You take 1 damage, and have 49/56 hp.
You slash the crimson imp! You constrict the crimson imp.
The crimson imp grinds its teeth.
The crimson imp closely misses you.
You hit the crimson imp.
You kill the crimson imp!
Vehumet accepts your kill.
You feel your power returning.
Aim: a two-headed ogre, wielding a great mace and a giant club (lightly The ball explodes into a vile cloud!
The stinking cloud engulfs the two-headed ogre.
The two-headed ogre is engulfed in noxious fumes.
The two-headed ogre appears confused.
You now have 3/21 mp.
You hit the two-headed ogre.
You squeeze the two-headed ogre, but do no damage.
The two-headed ogre is engulfed in noxious fumes.
The two-headed ogre appears confused.
You see here 21 gold pieces.
You slash the two-headed ogre!
The two-headed ogre is engulfed in noxious fumes.
The two-headed ogre appears confused.
You slash the two-headed ogre! You hit the two-headed ogre.
You catch the helpless two-headed ogre completely off-guard!
You hit the two-headed ogre but do no damage.
Your squeeze misses the two-headed ogre.
You barely miss the two-headed ogre.
You strike the helpless two-headed ogre from behind!
You hit the two-headed ogre. You squeeze the two-headed ogre.
Health restored: 56 You hit the two-headed ogre.
The two-headed ogre hits you with a great mace!!
The two-headed ogre hits you with a giant club!
You take 35 damage, and have 21/56 hp.
MASSIVE DAMAGE!!
You are too injured to fight recklessly!
You barely miss the two-headed ogre. You squeeze the two-headed ogre.
The two-headed ogre screams, "I'll kill you anyway!"
Aim: a two-headed ogre, wielding a great mace and a giant club (severely The ball explodes into a vile cloud!
The stinking cloud engulfs the two-headed ogre.
The two-headed ogre is engulfed in noxious fumes.
You now have 2/21 mp.
Aim: a two-headed ogre, wielding a great mace and a giant club (noxious fumes, The magic dart hits the two-headed ogre.
The two-headed ogre seems less confused.
The two-headed ogre is engulfed in noxious fumes.
You now have 1/21 mp.
You don't have enough magic to cast that spell.
You barely miss the two-headed ogre.
The two-headed ogre completely misses you.
The two-headed ogre barely misses you.
You barely miss the two-headed ogre. You barely miss the two-headed ogre.
The two-headed ogre hits you with a great mace!!
* * * LOW HITPOINT WARNING * * *
The two-headed ogre closely misses you.
You take 21 damage, and have 2/56 hp.
MASSIVE DAMAGE!!
You hit the two-headed ogre.
The two-headed ogre hits you with a great mace!!
Ouch! That really hurt!
You die...

.O....
#..#........##
......
##.##.........##
......
#..##..........##
......
#..##...........#
.Z....
##.##.............
.....
#..##.............
#ยง###.............
##O# #.............
#.@# #.............
##$####............#
#..# #.............#
#### ###........####
###....### ######


You could see a two-headed ogre.

Vanquished Creatures
  A troll (D:10)
  Sigmund (D:5)
  3 yaks (D:10)
  A soldier ant (D:10)
  A sky beast (D:5)
  An orc warrior (D:7)
  An ice beast (D:5)
  A centaur (D:10)
  2 ogres
  A bullfrog (D:10)
  A gnoll sergeant (D:10)
  3 howler monkeys (D:10)
  A bullfrog zombie (D:6)
  4 crimson imps
  2 hounds
  A bullfrog skeleton (D:5)
  A centaur skeleton (D:7)
  3 orc priests
  Jessica (D:2)
  Ijyb (D:3)
  5 orc wizards
  3 worker ants
  A worker ant zombie (D:10)
  6 gnolls
  8 adders
  A shadow imp (D:5)
  2 worms
  2 dart slugs
  4 leopard geckos
  19 orcs
  13 bats
  5 giant cockroaches
  17 goblins
  7 hobgoblins
  10 jackals
  5 kobolds
  2 ball pythons
  6 frilled lizards
  A leopard gecko skeleton (D:4)
  A leopard gecko zombie (D:6)
  A quokka skeleton (D:6)
  6 rats
156 creatures vanquished.

Notes
Turn   | Place    | Note
-------+----------+-------------------------------------------
     0 | D:1      | Yawgmoth the Octopode Wizard began the quest for the Orb.
     0 | D:1      | Reached XP level 1. HP: 11/11 MP: 4/4
   129 | D:1      | Reached XP level 2. HP: 17/17 MP: 1/6
   408 | D:1      | Reached skill level 2 in Conjurations
   440 | D:1      | Reached XP level 3. HP: 10/21 MP: 0/7
  1677 | D:2      | Found a snail-covered altar of Cheibriados.
  1789 | D:2      | Reached XP level 4. HP: 27/27 MP: 3/9
  1948 | D:2      | Noticed Jessica
  1953 | D:2      | Killed Jessica
  1953 | D:2      | Reached skill level 4 in Spellcasting
  1953 | D:2      | Reached skill level 3 in Conjurations
  2003 | D:2      | Learned a level 3 spell: Mephitic Cloud
  2006 | D:2      | Learned a level 2 spell: Blink
  2368 | D:3      | Found a glowing golden altar of the Shining One.
  2574 | D:3      | Reached XP level 5. HP: 31/31 MP: 9/11
  3269 | D:3      | Noticed Ijyb
  3321 | D:3      | Killed Ijyb
  3978 | D:4      | Reached skill level 4 in Conjurations
  4036 | D:4      | Reached XP level 6. HP: 36/36 MP: 9/13
  4326 | D:5      | Entered Level 5 of the Dungeon
  4595 | D:5      | Reached skill level 5 in Spellcasting
  4614 | D:5      | Found a staircase to the Ecumenical Temple.
  4852 | Temple   | Entered the Ecumenical Temple
  4897 | Temple   | Became a worshipper of Vehumet
  5328 | D:5      | Noticed an ice beast
  5669 | D:5      | Reached skill level 5 in Conjurations
  5669 | D:5      | Reached XP level 7. HP: 41/41 MP: 5/15
  5775 | D:5      | HP: 5/41 [something (6)]
  5806 | D:5      | Noticed Sigmund
  5842 | D:5      | HP: 8/41 [orc/hand axe (5)]
  6131 | D:5      | Killed Sigmund
  6169 | D:5      | Reached skill level 6 in Spellcasting
  6321 | D:5      | Reached skill level 6 in Conjurations
  6321 | D:5      | Reached XP level 8. HP: 33/46 MP: 4/17
  6462 | D:5      | Gained mutation: Your system is resistant to poisons.
                  | (rPois) [potion of mutation]
  6462 | D:5      | Gained mutation: Your magical capacity is low. (-10% MP)
                  | [potion of mutation]
  6462 | D:5      | Gained mutation: You expend magic power (3 MP) to
                  | strengthen your wands. [potion of mutation]
  6463 | D:5      | Lost mutation: Your system is resistant to poisons. (rPois)
                  | [potion of mutation]
  6463 | D:5      | Lost mutation: Your magical capacity is low. (-10% MP)
                  | [potion of mutation]
  6463 | D:5      | Gained mutation: You have a pair of small antennae on your
                  | head. [potion of mutation]
  6463 | D:5      | Gained mutation: Your natural rate of healing is unusually
                  | fast. [potion of mutation]
  6463 | D:5      | Gained mutation: You are robust. (+10% HP) [potion of
                  | mutation]
  7223 | D:7      | Reached * piety under Vehumet
  7223 | D:7      | Offered knowledge of Freeze by Vehumet.
  7262 | D:7      | Reached skill level 7 in Spellcasting
  7262 | D:7      | Reached skill level 7 in Conjurations
  7480 | D:7      | You fall through a shaft for 3 floors!
  7480 | D:10     | Entered Level 10 of the Dungeon
  7614 | D:10     | Noticed a yak
  7632 | D:10     | Killed a yak
  7632 | D:10     | Reached XP level 9. HP: 56/56 MP: 20/20
  7698 | D:10     | Reached skill level 8 in Spellcasting
  7698 | D:10     | Reached skill level 8 in Conjurations
  7955 | D:10     | Noticed a troll
  7997 | D:10     | Killed a troll
  8008 | D:10     | Noticed a two-headed ogre
  8039 | D:10     | HP: 14/56 [two-headed ogre/great mace (24)]
  8115 | D:10     | Offered knowledge of Searing Ray by Vehumet.
  8146 | D:10     | Reached ** piety under Vehumet
  8146 | D:10     | Reached skill level 9 in Conjurations
  8352 | D:10     | HP: 2/56 [two-headed ogre/great mace (22)]
  8353 | D:10     | Annihilated by a two-headed ogre

Skill      XL: |  1  2  3  4  5  6  7  8  9 |
---------------+----------------------------+-----
Conjurations   | 2 3 4 5 6 7 9 |  9.0
Spellcasting   | 4 5 6 7 8 |  8.8
Dodging        | |  2.0
Stealth        | |  2.8
Summonings     | |  1.0
Translocations | |  1.0

Action                   |  1- 3 |  4- 6 |  7- 9 || total
-------------------------+-------+-------+-------++-------
Melee: Unarmed           |    22 |    26 |     8 ||    56
       Constrict         |     8 |     8 |    20 ||    36
       Tentacles         |     4 |     5 |    18 ||    27
       Lajatang          |       |       |   139 ||   139
Throw: Javelin           |       |     7 |    24 ||    31
 Cast: Magic Dart        |    88 |   158 |   122 ||   368
       Mephitic Cloud    |       |     7 |    40 ||    47
       Blink             |       |       |     7 ||     7
Evoke: Wand              |       |       |     2 ||     2
  Use: Scroll            |       |     3 |     8 ||    11
       Potion            |       |       |    10 ||    10
 Stab: Confused          |       |     1 |     4 ||     5
  Eat: Chunk             |     3 |    14 |    14 ||    31
Armor: Skin              |     2 |     1 |    25 ||    28
Dodge: Dodged            |    32 |    26 |    70 ||   128

Vault maps used:
D:1:      ebering_hopf_link, minmay_misc_feat_more_columns
D:2:      cheibriados_altar_1, uniq_jessica
D:3:      kennysheep_goblin_castle, marbit_many_paths
D:4:      first_ration
D:5:      minmay_temple_entry_glass, kennysheep_opposing_triangles, uniq_sigmund
D:6:      lemuel_ice_spiral_2, hangedman_decor_peaks_small
D:7:      serial_shops, kennysheep_little_box, uniq_duvessa
D:10:     uniq_josephine
Temple:   dpeg_five_rooms_temple

Table legend:
 A = Turns spent in this place as a percentage of turns spent in the entire game.
 B = Non-inter-level travel turns spent in this place as a percentage of non-inter-level travel turns spent in the entire game.
 C = Inter-level travel turns spent in this place as a percentage of turns spent in this place.
 D = Turns resting spent in this place as a percentage of non-inter-level travel turns spent in this place.
 E = Turns spent auto-exploring this place as a percentage of non-inter-level travel turns spent in this place.
 F = Non-inter-level travel turns spent in this place divided by the number of levels of this place that you've seen.
                   A       B       C       D       E      F
               +-------+-------+-------+-------+-------+----------------------
         Total | 100.0 | 100.0 |   2.9 |  30.4 |  44.4 | 900.9
       Dungeon |  96.7 |  97.2 |   2.4 |  31.3 |  42.9 | 984.6
        Temple |   3.3 |   2.8 |  17.2 |   0.0 |  93.1 | 231.0
               +-------+-------+-------+-------+-------+----------------------

Table legend:
 A = Kills in this place as a percentage of kills in entire the game.
 B = Kills by you in this place as a percentage of kills by you in the entire game.
 C = Kills by friends in this place as a percentage of kills by friends in the entire game.
 D = Other kills in this place as a percentage of other kills in the entire game.
 E = Experience gained in this place as a percentage of experience gained in the entire game.
 F = Experience gained in this place divided by the number of levels of this place that you have seen.
                   A       B       C       D       E      F
               +-------+-------+-------+-------+-------+----------------------
         Total | 100.0 | 100.0 |   N/A | 100.0 | 100.0 | 406.3
       Dungeon | 100.0 | 100.0 |   N/A | 100.0 | 100.0 | 457.1
               +-------+-------+-------+-------+-------+----------------------
